 Dungeon Crawl Stone Soup version 0.28-b1-25-g9875b3fc8c (webtiles) character file.

Game seed: 1117160695831410193

3 sanka the Magician (level 1, 0/11 HPs)
             Began as a Deep Elf Transmuter on Feb 7, 2022.
             Slain by a quokka (2 damage)
             ... on level 1 of the Dungeon.
             The game lasted 00:00:43 (374 turns).

sanka the Magician (Deep Elf Transmuter)             Turns: 374, Time: 00:00:43

Health: 0/11       AC:  3    Str:  7    XL:     1   Next: 41%
Magic:  6/6        EV: 12    Int: 17    God:
Gold:   10         SH:  0    Dex: 15    Spells: 5/6 levels left

rFire   . . .      SeeInvis .     - Unarmed
rCold   . . .      Faith    .   (no shield)
rNeg    . . .      Spirit   .   a - +0 robe
rPois   .          Reflect  .   (no helmet)
rElec   .          Harm     .   (no cloak)
rCorr   .          Rampage  .   b - +0 pair of gloves
Will    .....                   (no boots)
Stlth   +.........              (no amulet)
HPRegen 0.03/turn               (no ring)
MPRegen 0.10/turn               (no ring)

@: about to teleport
A: no striking features
a: no special abilities


You were on level 1 of the Dungeon.
You visited 1 branch of the dungeon, and saw 1 of its levels.

You collected 10 gold pieces.

Inventory:

Armour
 a - a +0 robe (worn)
 b - a +0 pair of gloves (worn)


   Skills:
 - Level 0.7 Fighting
 - Level 2.4 Dodging
 - Level 2.4 Unarmed Combat
 + Level 3.1 Spellcasting
 + Level 2.3 Transmutations
 + Level 0.4 Poison Magic


You had 5 spell levels left.
You knew the following spells:

 Your Spells              Type           Power      Damage    Failure   Level
a - Beastly Appendage     Tmut           20%        N/A       7%          1

Your spell library contained the following spells:

 Spells                   Type           Power      Damage    Failure   Level
 Wereblood                Tmut           10%        N/A       10%         2
 Spider Form              Tmut/Pois      7%         N/A       30%         3
 Ice Form                 Ice/Tmut       6%         N/A       71%         4


Dungeon Overview and Level Annotations

Branches:
Dungeon (1/15)

Altars:


Message History

No target in view!
Your transformation is almost over.
Your horns disappear.
Your talons disappear.
You see here a rat corpse.
Found a club.
c - a scroll labelled WYWYET ETUOCU A kobold comes into view.
It is wielding a +0 dagger.
You grow a pair of large bovine horns.
Your feet morph into talons.
The kobold shouts!
A quokka comes into view.
You closely miss the kobold. The kobold hits you with a +0 dagger.
Found a stone staircase leading down.
You hit the kobold. You claw the kobold. Your headbutt misses the kobold.
The kobold is heavily wounded.
The kobold hits you but does no damage.
You closely miss the kobold. Your kick misses the kobold.
The kobold is heavily wounded.
The kobold hits you with a +0 dagger.
You closely miss the kobold. Your kick misses the kobold.
Your headbutt misses the kobold.
The kobold is heavily wounded.
The kobold hits you with a +0 dagger.
You completely miss the kobold. Your punch misses the kobold.
The kobold is heavily wounded.
The kobold hits you with a +0 dagger.
Your transformation is almost over.
The quokka bites you. The quokka closely misses you.
You are too injured to fight recklessly!
You hit the quokka but do no damage. Your kick misses the quokka.
The quokka closely misses you.
You hit the quokka but do no damage. Your kick misses the quokka.
The quokka bites you.
* * * LOW HITPOINT WARNING * * *
You aren't carrying any potions.
Your horns disappear.
Your talons disappear.
As you read the scroll labelled WYWYET ETUOCU, it crumbles to dust.
You feel strangely unstable.
It was a scroll of teleportation.
The quokka closely misses you. The quokka bites you.
You die...

.#####.#..#.#............>...
.# #.#.##.##.#.#.#.#.#.#.# .#
###.................... .#
###...#.#.#.#.#.#.#. .#
#......#####...# .# #......#
#...# .####### #......# #...#
..............).#####...#
##############..@rK.....+ ###
#.########## ..### # # >...#
....# '#..# .####### ........
#######.


You could see a quokka and a kobold.

Vanquished Creatures
  A ball python (D:1)
  An endoplasm (D:1)
  A rat (D:1)
3 creatures vanquished.

Notes
Turn   | Place    | Note
-------+----------+-------------------------------------------
     0 | D:1      | sanka the Deep Elf Transmuter began the quest for the Orb.
     0 | D:1      | Reached XP level 1. HP: 11/11 MP: 6/6
   374 | D:1      | Slain by a quokka

Illustrated notes

Levels and vault maps discovered:
D:1:      dpeg_arrival_renting, layout_basic, chequers_ecumenical_altar_grove,
          chequers_serial_rivers_micro_c, minmay_misc_feat_roman, st_stairs_12

Action                   || total
-------------------------++-------
Melee: Unarmed           ||    12
       Kick              ||     2
 Cast: Beastly Appendage ||     4
  Use: Scroll            ||     1
 Stab: Sleeping          ||     1
Armor: Robe              ||     1
Dodge: Dodged            ||     3
